 Dungeon Crawl Stone Soup version 0.31.0-11-ge490571c62 (console) character file.

Game seed: 1408257796002566738

4321 AlterAsc the Cleaver (level 10, -12/70 HPs)
             Began as a Formicid Fighter on Feb 10, 2024.
             Killed from afar by Maggie (27 damage)
             ... with a bolt of fire
             ... on level 7 of the Dungeon.
             The game lasted 00:11:42 (5096 turns).

AlterAsc the Cleaver (Formicid Fighter)             Turns: 5096, Time: 00:11:43

Health: -12/70     AC:  6    Str: 29    XL:     10   Next: 58%
Magic:  10/10      EV: 11    Int: 12    God:
Gold:   190        SH:  5    Dex: 17    Spells: 9/9 levels left

rFire   . . .        F - +2 halberd (freeze)
rCold   . . .        c - +0 buckler
rNeg    . . .        p - +4 robe of Augmentation {Str+4 Int+4 Dex+4}
rPois   .            (helmet unavailable)
rElec   .            (no cloak)
rCorr   .            (no gloves)
SInv    +            (no boots)
Will    +....        B - amulet of regeneration
Stlth   ++           m - ring of flight
HPRegen 1.11/turn    (no ring)
MPRegen 0.12/turn

%: no passive effects
@: flying, mesmerised
A: permanent stasis, dig shafts and tunnels, antennae 3, four strong arms
a: Dig, Shaft Self


You were on level 7 of the Dungeon.
You visited 1 branch of the dungeon, and saw 7 of its levels.

You collected 190 gold pieces.

Inventory:

Hand Weapons
 a - a +0 war axe
 o - a +0 trident
 F - a +2 halberd of freezing (weapon)
Missiles
 l - 21 poisoned darts
Armour
 b - a +0 scale mail
 c - a +0 buckler (worn)
 p - the +4 robe of Augmentation (worn) {Str+4 Int+4 Dex+4}
   (You took it off a kobold on level 3 of the Dungeon)

   Str+4:     It affects your strength (+4).
   Int+4:     It affects your intelligence (+4).
   Dex+4:     It affects your dexterity (+4).
 H - a +3 leather armour of fire resistance
Jewellery
 h - an amulet of guardian spirit
 m - a ring of flight (left hand)
 B - an amulet of regeneration (around neck)
 G - a +6 ring of dexterity
Wands
 y - a wand of flame (12)
 A - a wand of polymorph (8)
 C - a wand of iceblast (9)
 E - a wand of digging (8)
Scrolls
 d - 2 scrolls of vulnerability {unknown}
 f - 2 scrolls of torment {unknown}
 g - 2 scrolls of poison {unknown}
 k - 2 scrolls of teleportation {unknown}
 n - 4 scrolls of enchant weapon {unknown}
 q - 3 scrolls of identify {unknown}
 r - 2 scrolls of fear {unknown}
 t - a scroll of blinking {unknown}
 v - a scroll of butterflies {unknown}
 x - a scroll of revelation {unknown}
 D - 2 scrolls of amnesia {unknown}
Potions
 e - 3 potions of curing {unknown}
 i - 2 potions of mutation {unknown}
 j - 2 potions of enlightenment {unknown}
 s - 2 potions of cancellation {unknown}
 u - 3 potions of heal wounds {unknown}
 w - 2 potions of lignification {unknown}


   Skills:
 - Level 3.3 Fighting
 + Level 14.6 Axes
 - Level 3.3 Armour
 - Level 4.0 Shields


You had 9 spell levels left.
You didn't know any spells.
Your spell library contained the following spells:

 Spells                   Type           Power      Damage    Failure   Level
 Mercury Vapours          Alch/Air       0%         N/A       50%         2
 Mephitic Cloud           Conj/Alch/Air  0%         N/A       75%         3
 Arcjolt                  Conj/Air       0%         1d10      100%        5
 Freezing Cloud           Conj/Ice/Air   0%         6-21      100%        5
 Maxwell's Capacitive Co  Air            0%         ∞         100%        8
 Vhi's Electric Charge    Tloc/Air       Unusable   N/A       N/A         4

Dungeon Overview and Level Annotations

Branches:
Dungeon (7/15)
 Temple: D:4-7

Altars:

Annotations:
D:7 Maggie


Innate Abilities, Weirdness & Mutations

You cannot be hasted, slowed, berserked, paralysed or teleported.
You can dig through walls and to a lower floor.
You have a pair of large antennae on your head. (SInv)
Your four strong arms can wield two-handed weapons with a shield.


Message History

You barely miss Maggie.
Maggie hits you with a +2 war axe of flaming!
Maggie burns you.
You puncture Maggie! You freeze Maggie.
Maggie is moderately wounded.
Maggie gestures wildly while chanting.
Maggie draws you further into her thrall.
You hit Maggie. You freeze Maggie.
Maggie is heavily wounded.
Maggie hits you with a +2 war axe of flaming!
Maggie burns you!
You are too injured to fight recklessly!
You are too injured to fight recklessly!
You are too injured to fight recklessly!
You closely miss Maggie.
Maggie is heavily wounded.
Maggie barely misses you.
You closely miss Maggie.
Maggie is heavily wounded.
Maggie zaps a wand.
The puff of flame hits you.
You closely miss Maggie.
Maggie is heavily wounded.
Maggie zaps a wand.
The puff of flame hits you.
You puncture Maggie! You freeze Maggie.
Maggie is severely wounded.
Maggie hits you with a +2 war axe of flaming!
* * * LOW HITPOINT WARNING * * *
Maggie burns you.
* * * LOW HITPOINT WARNING * * *
You hit Maggie but do no damage.
Maggie is severely wounded.
Maggie hits you with a +2 war axe of flaming.
* * * LOW HITPOINT WARNING * * *
Maggie burns you.
* * * LOW HITPOINT WARNING * * *
You puncture Maggie! You freeze Maggie.
Maggie is almost dead.
Maggie casts a spell at you. The bolt of fire hits you!!
You die...

#.......# #.......#
#......# #.....#
##.....#### #.....#
#......##.. #.....+
#.......... #.....#
#########.. #.....#
.... #..
#.....#####.... #..
#...@.......... #..
#...@.......... ###
#..............
#########......).......
#.......#..........###
#.......#.....<....#
#.......#.....######
+.......#.....# ... #.
#.......#.....# ....
#.., ##......'.....#
.....##'#
###'####.....#
.....#...
#......#.....#
.....#≈~~


You could see Maggie (mesmerising).

Vanquished Creatures
  Pikel (D:4)
  Joseph (D:7)
  A troll (D:6)
  Grinder (D:3)
  Sigmund (D:5)
  Eustachio (D:5)
  3 water moccasins
  2 ice beasts (D:6)
  3 ogres
  A black bear (D:5)
  A sky beast (D:7)
  2 phantoms
  2 centaurs (D:5)
  2 bullfrogs (D:7)
  2 scorpions
  A gnoll sergeant (D:7)
  13 wights
  A howler monkey (D:6)
  An electric eel (D:7)
  2 jellies
  A gnoll bouda (D:5)
  3 hounds
  4 iguanas
  8 adders
  9 gnolls
  A shadow imp (D:6)
  12 orcs
  9 endoplasms
  3 giant cockroaches
  6 goblins
  5 hobgoblins
  3 jackals (D:3)
  8 kobolds
  4 quokkas (D:1)
  7 ball pythons
  A bat (D:2)
  3 frilled lizards
  2 rats
131 creatures vanquished.

Notes
Turn   | Place    | Note
-------+----------+-------------------------------------------
     0 | D:1      | AlterAsc the Formicid Fighter began the quest for the Orb.
     0 | D:1      | Reached XP level 1. HP: 18/18 MP: 1/1
    39 | D:1      | Reached XP level 2. HP: 17/24 MP: 2/2
   237 | D:1      | Reached skill level 3 in Axes
   246 | D:1      | Reached XP level 3. HP: 23/29 MP: 3/3
   966 | D:2      | Reached skill level 4 in Axes
   966 | D:2      | Reached XP level 4. HP: 25/35 MP: 4/4
  1174 | D:2      | You are sucked into a shaft and drop 2 floors!
  1333 | D:3      | Noticed Grinder
  1343 | D:3      | Killed Grinder
  1344 | D:3      | Reached skill level 6 in Axes
  1344 | D:3      | Reached XP level 5. HP: 36/41 MP: 5/5
  1344 | D:3      | Reached XP level 6. HP: 41/47 MP: 6/6
  1946 | D:3      | Found a faded altar of an unknown god.
  2196 | D:4      | Noticed Pikel
  2221 | D:4      | You are sucked into a shaft and drop 1 floor!
  2221 | D:5      | Entered Level 5 of the Dungeon
  2393 | D:5      | Noticed a water moccasin
  2398 | D:5      | You are sucked into a shaft and drop 2 floors!
  2533 | D:7      | Noticed an ogre
  2536 | D:7      | HP: 2/47 [ogre/+0 giant club (24)]
  2537 | D:7      | Killed an ogre
  2538 | D:7      | Reached skill level 7 in Axes
  2538 | D:7      | Reached XP level 7. HP: 2/52 MP: 7/7
  2835 | D:5      | Killed a water moccasin
  2836 | D:5      | Reached skill level 8 in Axes
  2993 | D:5      | Reached XP level 8. HP: 54/58 MP: 8/8
  3016 | D:5      | Noticed Sigmund
  3035 | D:5      | Killed Sigmund
  3036 | D:5      | Reached skill level 9 in Axes
  3255 | D:5      | Reached skill level 10 in Axes
  3613 | D:5      | Noticed Eustachio
  3633 | D:4      | Killed Pikel
  3634 | D:4      | Reached skill level 11 in Axes
  3634 | D:4      | Reached XP level 9. HP: 36/64 MP: 9/9
  4109 | D:5      | Killed Eustachio
  4215 | D:6      | Reached skill level 12 in Axes
  4393 | D:6      | Noticed a troll
  4402 | D:6      | Killed a troll
  4403 | D:6      | Reached skill level 13 in Axes
  4403 | D:6      | Reached XP level 10. HP: 57/70 MP: 10/10
  4791 | D:7      | Reached skill level 14 in Axes
  5029 | D:7      | Noticed Joseph
  5038 | D:7      | Killed Joseph
  5083 | D:7      | Noticed Maggie
  5096 | D:7      | Killed from afar by Maggie

Illustrated notes

Levels and vault maps discovered:
D:1:      mainiacjoe_arrival_reflecting_pool, layout_loops_ring
D:2:      layout_basic, chequers_serial_rivers_small_3
D:3:      layout_basic, hellmonk_ecumenical_altar_leap_of_faith, uniq_grinder
D:4:      layout_basic, uniq_pikel
D:5:      layout_basic, mainiacjoe_sewer_entry_somewhere_in_here_1,
          uniq_eustachio, uniq_sigmund
D:6:      layout_rooms, amethyst_killhole, minmay_checkerbox
D:7:      layout_gridville, minmay_temple_entry_large_hall,
          minmay_crystal_water, uniq_maggie, uniq_maurice, uniq_joseph

Skill      XL: |  1  2  3  4  5  6  7  8  9 10 |
---------------+-------------------------------+-----
Axes           | 3 4 6 7 8 11 13 14 | 14.6
Fighting       | |  3.3
Armour         | |  3.3
Shields        | |  4.0

Action                     |  1- 3 |  4- 6 |  7- 9 | 10-12 || total
---------------------------+-------+-------+-------+-------++-------
  Melee: War axe           |    77 |    95 |   167 |    47 ||   386
         Halberd           |       |       |       |    39 ||    39
Ability: Dig               |     1 |       |       |       ||     1
         Shaft Self        |       |     3 |       |       ||     3
  Evoke: Wand              |       |       |     3 |       ||     3
    Use: Potion            |       |     1 |       |       ||     1
   Stab: Sleeping          |       |     2 |     1 |     1 ||     4
 Armour: Scale mail        |    51 |    52 |       |       ||   103
         Robe              |       |    33 |    93 |    46 ||   172
  Dodge: Dodged            |    35 |    46 |    70 |    22 ||   173
  Block: Buckler           |    13 |    31 |    37 |    18 ||    99
